 Dungeon Crawl Stone Soup version 0.23-a0-169-gb21e695 (webtiles) character file.

205 Amnesiac the Scholar of Death (level 5, 0/35 HPs)
             Began as a Mummy Ice Elementalist on Sept 11, 2018.
             Was a Follower of Kikubaaqudgha.
             Slain by an adder (1 damage)
             ... on level 4 of the Dungeon.
             The game lasted 00:06:14 (2434 turns).

Amnesiac the Scholar of Death (MuIE)                Turns: 2434, Time: 00:06:15

Health: 0/35       AC:  3    Str: 12    XL:     5   Next: 52%
Magic:  8/10       EV: 12    Int: 15    God:    Kikubaaqudgha [*.....]
Gold:   230        SH:  0    Dex: 12    Spells: 2/11 levels left

rFire    x . .     SeeInvis .   a - +0 hunting sling
rCold    + . .     Gourm    .   (no shield)
rNeg     + + +     Faith    .   i - +0 robe
rPois    ∞         Spirit   .   (no helmet)
rElec    .         Reflect  .   d - +0 cloak
rCorr    .         Harm     .   (no gloves)
MR       .....                  (no boots)
Stlth    ++........             f - amulet of magic regeneration
HPRegen  0.11/turn              (no ring)
MPRegen  0.37/turn              (no ring)

@: no status effects
A: no food or potions, fire vulnerability, cold resistance 1, negative energy
resistance 3, torment resistance, unbreathing
a: Receive Corpses, Renounce Religion


You were on level 4 of the Dungeon.
You worshipped Kikubaaqudgha.
Kikubaaqudgha was aware of your devotion.
You were not hungry.

You visited 2 branches of the dungeon, and saw 6 of its levels.

You collected 230 gold pieces.

Inventory:

Hand Weapons
 a - a +0 hunting sling (weapon)
 b - a +0 short sword
Missiles
 j - 23 sling bullets (quivered)
 k - 116 stones
Armour
 d - a +0 cloak (worn)
 i - a +0 robe (worn)
Jewellery
 f - an amulet of magic regeneration (around neck)
Scrolls
 c - a scroll of remove curse {!r}
 e - 2 scrolls of identify {!r}
 g - 2 scrolls of teleportation {!r, unknown}
 h - 2 scrolls of magic mapping {!r}
 l - a scroll of enchant weapon {!r, unknown}
 m - a scroll of fear {!r, unknown}
 n - a scroll of amnesia {!r, unknown}
 o - a scroll of enchant armour {!r, unknown}


   Skills:
 - Level 1.5 Dodging
 - Level 1.5 Stealth
 - Level 3.5 Spellcasting
 - Level 1.2 Conjurations
 + Level 3.6 Necromancy
 - Level 3.5 Ice Magic


You had 2 spell levels left.
You knew the following spells:

 Your Spells              Type           Power        Failure   Level  Hunger
a - Freeze                Ice            ##..         4%          1    N/A
b - Corpse Rot            Necr           N/A          6%          2    N/A
c - Animate Skeleton      Necr           N/A          4%          1    N/A
e - Throw Frost           Conj/Ice       #.....       11%         2    N/A
z - Ozocubu's Armour      Chrm/Ice       #.......     26%         3    N/A

Your spell library contained the following spells:

 Spells                   Type           Power        Failure   Level  Hunger
 Pain                     Necr           ##..         4%          1    N/A
 Vampiric Draining        Necr           ##........   13%         3    N/A
 Throw Icicle             Conj/Ice       #.......     56%         4    N/A
 Summon Ice Beast         Ice/Summ       #.......     65%         4    N/A

Dungeon Overview and Level Annotations

Branches:
Dungeon (5/15)             Temple (1/1) D:4

Altars:
Cheibriados
Dithmenos
Elyvilon
Fedhas
Gozag
Hepliaklqana
Kikubaaqudgha
Makhleb
Nemelex Xobeh
Okawaru
Qazlal
Trog
Uskayaw
Wu Jian
Xom
Yredelemnul
The Shining One

Shops:
D:4 [


Innate Abilities, Weirdness & Mutations

You do not eat or drink.
Your flesh is vulnerable to fire.
You are immune to poison.
Your flesh is cold resistant. (rC+)
You are immune to negative energy. (rN+++)
You are immune to unholy pain and torment.
You can survive without breathing.


Message History

An adder comes into view.
Casting: Freeze (safe; 4% risk of failure)
Confirm with . or Enter, or press ? or * to list all spells.
Aiming: Freeze (safe; 4% risk of failure)
Press: ? - help, Shift-Dir - straight line, f/p - shadow imp
Aim: a shadow imp (severely wounded)
You freeze the shadow imp.
The shadow imp completely resists.
The shadow imp is severely wounded.
The adder hisses angrily.
The quokka closely misses you. The shadow imp hits you.
* * * LOW HITPOINT WARNING * * *
There are monsters nearby!
You are too injured to fight recklessly!
Casting: Freeze (safe; 4% risk of failure)
Confirm with . or Enter, or press ? or * to list all spells.
Aiming: Freeze (safe; 4% risk of failure)
Press: ? - help, Shift-Dir - straight line, f/p - shadow imp
Aim: a shadow imp (severely wounded)
You freeze the shadow imp.
The shadow imp completely resists.
The shadow imp is severely wounded.
The quokka barely misses you. The shadow imp completely misses you.
The quokka barely misses you.
Casting: Freeze (safe; 4% risk of failure)
Confirm with . or Enter, or press ? or * to list all spells.
Aiming: Freeze (safe; 4% risk of failure)
Press: ? - help, Shift-Dir - straight line, f - quokka, p - shadow imp
Aim: a quokka You freeze the quokka.
The quokka is almost dead.
The quokka bites you.
* * * LOW HITPOINT WARNING * * *
Casting: Freeze (safe; 4% risk of failure)
Confirm with . or Enter, or press ? or * to list all spells.
Aiming: Freeze (safe; 4% risk of failure)
Press: ? - help, Shift-Dir - straight line, f/p - quokka
Aim: a quokka (almost dead)
You freeze the quokka.
You kill the quokka!
Kikubaaqudgha accepts your kill. The hound barely misses you.
The hound bites you but does no damage. The hound barely misses you.
There is a stone staircase leading down here.
The adder barely misses you. The hound barely misses you.
Casting: Freeze (safe; 4% risk of failure)
Confirm with . or Enter, or press ? or * to list all spells.
Aiming: Freeze (safe; 4% risk of failure)
Press: ? - help, Shift-Dir - straight line, f - adder
Aim: an adder You freeze the adder.
The adder is lightly wounded.
The adder bites you.
* * * LOW HITPOINT WARNING * * *
The adder bites you.
* * * LOW HITPOINT WARNING * * *
Casting: Freeze (safe; 4% risk of failure)
Confirm with . or Enter, or press ? or * to list all spells.
Aiming: Freeze (safe; 4% risk of failure)
Press: ? - help, Shift-Dir - straight line, f/p - adder
Aim: an adder (lightly wounded)
You freeze the adder.
The adder is moderately wounded.
The adder bites you.
You die...
Kikubaaqudgha rasps: "You have failed me!
Welcome... oblivion!"

#..# #.######## . #..# #.#
..#### #..# #.#
......####..# #.#
............########.#######
...........................#
(.....(..............#####.#
.....(##.##.5######### #.#
....( +..†..hS@....# #.#
.... ##.###+#####.# #.# ...
#.. #.# #.# (. #.. #.# #.# .
#... #.# #.# #... #.# #.#
..... #.# #.# ## #.#######.#
#.........#


You could see a hound, an adder and a shadow imp.

Vanquished Creatures
  A hound (D:4)
  An orc wizard (D:4)
  A worker ant (D:4)
  5 adders
  2 worms
  4 dart slugs
  A leopard gecko (D:1)
  8 orcs
  4 bats
  A giant cockroach (D:3)
  5 hobgoblins
  3 jackals (D:2)
  4 quokkas
  A ball python (D:2)
  4 frilled lizards
  4 goblins
  4 kobolds
  A leopard gecko skeleton (D:4)
  4 rats
58 creatures vanquished.

Notes
Turn   | Place    | Note
-------+----------+-------------------------------------------
     0 | D:1      | Amnesiac the Mummy Ice Elementalist began the quest for the
                  | Orb.
     0 | D:1      | Reached XP level 1. HP: 13/13 MP: 4/4
   275 | D:3      | Reached XP level 2. HP: 11/19 MP: 1/6
   279 | D:3      | Learned a level 2 spell: Throw Frost
   439 | D:4      | Noticed a black bear
   573 | D:3      | Reached XP level 3. HP: 23/24 MP: 0/7
   663 | D:4      | Found a staircase to the Ecumenical Temple.
   672 | D:4      | Reached skill level 1 in Conjurations
   677 | D:4      | Reached XP level 4. HP: 9/30 MP: 0/9
   688 | Temple   | Entered the Ecumenical Temple
   818 | Temple   | Became a worshipper of Kikubaaqudgha
   922 | D:4      | Found Rexyhan's Antique Armour Emporium.
   970 | D:5      | Entered Level 5 of the Dungeon
   983 | D:4      | Reached skill level 1 in Necromancy
  1178 | D:4      | Reached XP level 5. HP: 35/35 MP: 2/10
  1592 | D:2      | Reached * piety under Kikubaaqudgha
  1592 | D:2      | Identified Kikubaaqudgha's Almanac of Darkness
                  | (Kikubaaqudgha gifted it to you on level 2 of the Dungeon)
  1592 | D:2      | Received a gift from Kikubaaqudgha
  1923 | D:3      | Learned a level 2 spell: Corpse Rot
  1927 | D:3      | Learned a level 3 spell: Ozocubu's Armour
  1929 | D:3      | Learned a level 1 spell: Animate Skeleton
  2022 | D:3      | Found a blossoming altar of Fedhas.
  2135 | D:3      | Found a white marble altar of Elyvilon.
  2135 | D:3      | Found a shadowy altar of Dithmenos.
  2433 | D:4      | HP: 1/35 [adder (3)]
  2434 | D:4      | Slain by an adder

Vault maps used:
D:1:      nzn_arrival_crosshair
D:2:      first_ration
D:3:      gammafunk_temple_overflow_wave, fedhas_altar_fruit_tree
D:4:      cheibrodos_ashenzari_chains, minmay_temple_entry_large_hall,
          serial_shops, shop
D:5:      zin_angel, kennysheep_generic_room_5
Temple:   regret_index_temple_waves

Skill      XL: |  1  2  3  4  5 |
---------------+----------------+-----
Spellcasting   | 3 |  3.5
Ice Magic      | 3 |  3.5
Conjurations   | 1 |  1.2
Necromancy     | 2 3 |  3.6
Dodging        | |  1.5
Stealth        | |  1.5

Action                   |  1- 3 |  4- 6 || total
-------------------------+-------+-------++-------
Melee: Short sword       |    10 |       ||    10
       Dagger            |     2 |       ||     2
 Fire: Hunting sling     |       |    51 ||    51
 Cast: Freeze            |    16 |    60 ||    76
       Throw Frost       |    13 |    15 ||    28
  Use: Scroll            |       |     2 ||     2
 Stab: Sleeping          |     3 |       ||     3
Armor: Robe              |    12 |    14 ||    26
Dodge: Dodged            |    31 |    54 ||    85

Table legend:
 A = Non-vault XP
 B = Vault XP
 C = Vault XP percentage of total XP
 D = Non-vault monster count
 E = Vault monster count
 F = Vault count percentage of total count
                 A         B        C        D         E       F
            +---------+---------+-------+---------+---------+-------
      Total |     293 |       0 |   0.0 |      58 |       0 |   0.0
            +---------+---------+-------+---------+---------+-------
        D:1 |      18 |       0 |   0.0 |       8 |       0 |   0.0
        D:2 |      48 |       0 |   0.0 |      18 |       0 |   0.0
        D:3 |      71 |       0 |   0.0 |      19 |       0 |   0.0
        D:4 |     153 |       0 |   0.0 |      12 |       0 |   0.0
     Temple |       3 |       0 |   0.0 |       1 |       0 |   0.0
            +---------+---------+-------+---------+---------+-------
